 Dungeon Crawl Stone Soup version 0.23.2 (webtiles) character file.

Game seed: 2012059823280778640

517 murkyfrogboy the Skirmisher (level 7, -4/62 HPs)
             Began as a Minotaur Fighter on Apr 9, 2019.
             Killed themself with a badly aimed iceblast (10 damage)
             ... on level 4 of the Dungeon.
             The game lasted 00:07:38 (3560 turns).

murkyfrogboy the Skirmisher (Minotaur Fighter)      Turns: 3560, Time: 00:07:38

Health: -4/62      AC:  7    Str: 20    XL:     7   Next: 0%
Magic:  6/6        EV:  7    Int: 10    God:
Gold:   255        SH:  9    Dex: 13    Spells: 6/6 levels left

rFire    . . .     SeeInvis .   a - +1 long sword
rCold    . . .     Gourm    .   c - +0 shield
rNeg     . . .     Faith    .   k - +0 scale mail
rPois    .         Spirit   .   (helmet unavailable)
rElec    .         Reflect  .   (no cloak)
rCorr    .         Harm     .   (no gloves)
MR       .....                  (no boots)
Stlth    ..........             (no amulet)
HPRegen  0.20/turn              l - +2 ring of dexterity
MPRegen  0.10/turn              p - +4 ring of intelligence

@: no status effects
A: retaliatory headbutt, horns 3, subdued magic 1
a: no special abilities


You were on level 4 of the Dungeon.
You were very hungry.

You visited 1 branch of the dungeon, and saw 4 of its levels.

You collected 255 gold pieces.

Inventory:

Hand Weapons
 a - a +1 long sword (weapon)
 b - a +0 blowgun
Missiles
 g - 5 needles of paralysis
 u - 15 poisoned needles
Armour
 c - a +0 shield (worn)
 k - a +0 scale mail (worn)
Magical Staves
 x - an uncursed staff of power {unknown}
Jewellery
 i - a +5 ring of evasion {unknown}
 l - a +2 ring of dexterity (left hand)
 p - a +4 ring of intelligence (right hand)
Wands
 t - a wand of random effects (14)
Scrolls
 h - a scroll of random uselessness {unknown}
 j - a scroll of blinking
 m - a scroll of enchant weapon
 q - a scroll of noise {unknown}
 r - a scroll of teleportation
 v - a scroll of immolation {unknown}
Potions
 d - a potion of might
 e - a potion of haste
 n - a potion of ambrosia
 o - a potion of magic
 s - a potion of heal wounds {unknown}
Comestibles
 f - 13 rations


   Skills:
 * Level 5.6 Fighting
 * Level 5.0 Long Blades
 * Level 5.6 Armour
 - Level 3.7 Shields
 * Level 3.8 Unarmed Combat


You had 6 spell levels left.
You didn't know any spells.
Your spell library was empty.

Dungeon Overview and Level Annotations

Branches:
Dungeon (4/15)
 Temple: D:4-7

Altars:
Cheibriados
Kikubaaqudgha
Qazlal
Ru
Uskayaw
Xom
The Shining One


Innate Abilities, Weirdness & Mutations

You reflexively headbutt those who attack you in melee.
You have a pair of large horns on your head.
Your spells are a little easier to cast, but a little less powerful.


Message History

Grinder is almost dead.
You hit Grinder but do no damage. Your headbutt misses Grinder.
Grinder is almost dead.
Grinder hits you.
You writhe in agony.
* * * LOW HITPOINT WARNING * * *
Grinder hits you.
* * * LOW HITPOINT WARNING * * *
You writhe in agony.
* * * LOW HITPOINT WARNING * * *
Evoke which item? (* to show all) (? for menu, Esc to quit)
Aiming: Random Effects
Press: ? - help, Shift-Dir - straight line, f/p - Grinder
Aim: Grinder (almost dead)
The mass of ice explodes!
The iceblast engulfs Grinder.
Grinder partially resists.
You kill Grinder!
Your Long Blades skill increases to level 5!
You have reached level 7!
The iceblast engulfs you!
You die...

#. #. #. ########
#####
#......#######....
#.####............
#.# #########....
#.# #.... #@#
#...# #..((((.#
#...# #..####.#
#...# ...#
########..# ##.##
..........# #.
########..# #.
#..# #. #..# #..#


There were no monsters in sight!

Vanquished Creatures
  Grinder (D:4)
  2 scorpions (D:4)
  2 orc wizards (D:4)
  2 worker ants (D:4)
  4 adders
  An ooze (D:1)
  An adder skeleton (D:4)
  A worm (D:3)
  A dart slug (D:2)
  3 leopard geckos
  6 orcs
  4 giant cockroaches
  11 goblins
  4 hobgoblins
  9 jackals
  7 kobolds
  2 ball pythons
  9 bats
  2 frilled lizards
  A leopard gecko skeleton (D:4)
  A leopard gecko zombie (D:2)
  6 rats
80 creatures vanquished.

Notes
Turn   | Place    | Note
-------+----------+-------------------------------------------
     0 | D:1      | murkyfrogboy the Minotaur Fighter began the quest for the
                  | Orb.
     0 | D:1      | Reached XP level 1. HP: 19/19 MP: 0/0
    95 | D:1      | Reached XP level 2. HP: 27/27 MP: 1/1
   183 | D:1      | Reached skill level 1 in Unarmed Combat
   316 | D:1      | Reached XP level 3. HP: 33/33 MP: 2/2
  1143 | D:2      | Found a glowing golden altar of the Shining One.
  1144 | D:2      | Found a stormy altar of Qazlal.
  1381 | D:2      | Reached XP level 4. HP: 40/40 MP: 3/3
  2255 | D:3      | Found a sacrificial altar of Ru.
  2567 | D:3      | Found an ancient bone altar of Kikubaaqudgha.
  2670 | D:4      | Reached XP level 5. HP: 47/47 MP: 4/4
  2772 | D:4      | Reached skill level 5 in Fighting
  2772 | D:4      | Reached skill level 5 in Armour
  2782 | D:4      | Gained mutation: Your spells are a little easier to cast,
                  | but a little less powerful. [potion of mutation]
  2782 | D:4      | Gained mutation: You have a pair of large horns on your
                  | head. [potion of mutation]
  2786 | D:4      | Reached XP level 6. HP: 13/56 MP: 5/5
  3100 | D:4      | Found a hide-covered altar of Uskayaw.
  3100 | D:4      | Found a faded altar of an unknown god.
  3105 | D:4      | Found a snail-covered altar of Cheibriados.
  3107 | D:4      | Found a shimmering altar of Xom.
  3109 | D:4      | Found a faded altar of an unknown god.
  3532 | D:4      | Noticed Grinder
  3541 | D:4      | Paralysed by Grinder for 4 turns
  3550 | D:4      | Paralysed by Grinder for 5 turns
  3560 | D:4      | Killed Grinder
  3560 | D:4      | Reached skill level 5 in Long Blades
  3560 | D:4      | Reached XP level 7. HP: 6/62 MP: 6/6
  3560 | D:4      | Killed themself with a badly aimed iceblast

Skill      XL: |  1  2  3  4  5  6 |
---------------+-------------------+-----
Unarmed Combat | 1 2 3 |  3.8
Fighting       | 4 5 |  5.6
Long Blades    | 3 4 5 |  5.0
Armour         | 4 5 |  5.6
Shields        | |  3.7

Action                   |  1- 3 |  4- 6 |  7- 9 || total
-------------------------+-------+-------+-------++-------
Melee: Long sword        |    65 |   100 |       ||   165
       Headbutt          |    16 |    20 |       ||    36
 Fire: Blowgun           |       |    13 |       ||    13
  Use: Scroll            |     5 |     1 |       ||     6
       Potion            |       |     5 |       ||     5
  Eat: Chunk             |     2 |     5 |       ||     7
Armor: Scale mail        |    32 |    32 |       ||    64
Dodge: Dodged            |    28 |    19 |       ||    47
Block: Shield            |    46 |    47 |       ||    93
       Rpst.: Long sword |     7 |     9 |       ||    16
